 Dungeon Crawl Stone Soup version 0.31-a0-193-gdfe2569204 (webtiles) character file.

Game seed: 12567678762846329802

35 qw the Shooter (level 3, 0/20 HPs)
             Began as a Deep Elf Hunter on June 24, 2023.
             Succumbed to their own poison gas
             ... on level 2 of the Dungeon.
             The game lasted 00:00:26 (964 turns).

qw the Shooter (Deep Elf Hunter)                     Turns: 964, Time: 00:00:26

Health: 0/20       AC: 12    Str: 10    XL:     3   Next: 17%
Magic:  3/5        EV: 12    Int:  9    God:
Gold:   122        SH:  0    Dex: 18    Spells: 2/2 levels left

rFire   . . .        Y - +0 shortbow
rCold   + + +        (shield currently unavailable)
rNeg    . . .        a - +5 leather armour of Greed {rElec rC+++ Int-4}
rPois   .            (no helmet)
rElec   +            (no cloak)
rCorr   .            (no gloves)
SInv    .            (no boots)
Will    .....        j - amulet of guardian spirit
Stlth   ++           f - +4 ring of protection
HPRegen 0.23/turn    (no ring)
MPRegen 0.09/turn

%: guardian spirit
@: lethally poisoned (0 -> -14), weak-willed
A: no striking features
a: no special abilities


You were on level 2 of the Dungeon.
You visited 1 branch of the dungeon, and saw 2 of its levels.

You collected 144 gold pieces.
You spent 22 gold pieces at shops.


   Skills:
 - Level 1.5 Fighting
 + Level 6.8 Ranged Weapons
 - Level 2.4 Dodging
 - Level 1.2 Stealth


You had 2 spell levels left.
You didn't know any spells.
Your spell library was empty.

Inventory:

Hand Weapons
 Y - a +0 shortbow (weapon)
Armour
 a - the +5 leather armour of Greed (worn) {rElec rC+++ Int-4}
   (You found it on level 2 of the Dungeon)

   Int:       It affects your intelligence (-4).
   rC:        It renders you almost immune to cold.
   rElec:     It insulates you from electricity.
Jewellery
 f - a +4 ring of protection (left hand)
 j - an amulet of guardian spirit (around neck)
Scrolls
 b - a scroll of teleportation
 h - 2 scrolls of identify
Potions
 g - 2 potions of haste

Dungeon Overview and Level Annotations

Branches:
Dungeon (2/15)

Altars:

Shops:
D:1 =?


Message History

Sorry, I don't know how to get there.
Enter note:
Enter note:
Enter note:
Enter note:
Enter note:
Enter note:
Enter note:
Enter note:
Enter note:
Enter note:
Enter note:
Enter note:
Enter note:
Enter note:
Enter note:
Enter note:
Enter note:
Enter note:
Enter note:
Enter note:
Enter note: Really walk into that cloud of poison gas?
You are engulfed in poison gas.
You are poisoned.
You feel very sick.
955 ||| Stepping ~*~*~tactically~*~*~ (cloud).
You feel very sick.
You see here a +0 ring mail.
956 ||| DRINKING potion of curing.
You feel better.
956 ||| (to cure poison)
You start resting.
HP restored.
Really walk into that cloud of poison gas?
You are engulfed in poison gas.
You are lethally poisoned!
You feel very sick.
963 ||| Stepping ~*~*~tactically~*~*~ (cloud).
You feel very sick.
There is a lethal amount of poison in your body!
You die...

#.###......................##
#.#
#..#######.##.###....#..###
#.# #..# #.##.# #..........
#.###..# ##0##0###.#.##..###
#......# #.0%............##
########
###000............<##
#..00...###..........
###..##0#####.#.#.###
#0@¤......#.....#
#00##.#######:#.###
#¤0...........###..
#.###.######### #.# #0#
#.....# #.# ###
#####.#######.# #.........#
#.######### ###


There were no monsters in sight!

Vanquished Creatures
  An adder (D:2)
  A dart slug (D:2)
  6 endoplasms
  3 goblins
  2 hobgoblins (D:1)
  A kobold (D:2)
  4 bats
  A frilled lizard (D:2)
  5 rats
24 creatures vanquished.

Notes
Turn   | Place    | Note
-------+----------+-------------------------------------------
     0 | D:1      | qw the Deep Elf Hunter began the quest for the Orb.
     0 | D:1      | Reached XP level 1. HP: 12/12 MP: 3/3
     0 | D:1      | 0 ||| qw: Version: 0.3-a-9-g12657ce
     0 | D:1      | 0 ||| qw: Game counter: 4719
     0 | D:1      | 0 ||| qw: Always use a shield: true
     0 | D:1      | 0 ||| qw: God list: Okawaru
     0 | D:1      | 0 ||| qw: Allow faded altars: false
     0 | D:1      | 0 ||| qw: Do Orc after D:15 true
     0 | D:1      | 0 ||| qw: Do second Lair branch before Depths: true
     0 | D:1      | 0 ||| qw: Lair rune preference: random
     0 | D:1      | 0 ||| qw: Plans: Normal
     0 | D:1      | 0 ||| PLANNING D:1-11
    44 | D:1      | Found Sudakk's Jewellery Shop.
    53 | D:1      | 53 ||| SHOPLISTING +4 ring of protection (504 gold, have
                  | 22).
    53 | D:1      | 53 ||| SHOPLISTING amulet of reflection (420 gold, have
                  | 22).
    53 | D:1      | 53 ||| SHOPLISTING ring of Baigoemm {rPois rF+ MP+9 Int+6
                  | SInv} (770 gold, have 22).
    53 | D:1      | 53 ||| SHOPLISTING ring of positive energy (280 gold, have
                  | 22).
    53 | D:1      | 53 ||| SHOPLISTING ring of protection from cold (350 gold,
                  | have 22).
    53 | D:1      | 53 ||| SHOPLISTING ring of resist corrosion (280 gold, have
                  | 22).
    53 | D:1      | 53 ||| SHOPLISTING ring of willpower (350 gold, have 22).
    65 | D:1      | Found a faded altar of an unknown god.
   136 | D:1      | Found Vyrchi Fubridgh's Magic Scroll Shoppe.
   151 | D:1      | 151 ||| SHOPLISTING scroll of enchant weapon (82 gold, have
                  | 48).
   151 | D:1      | 151 ||| BUYING scroll of identify (22 gold).
   151 | D:1      | Bought a scroll of identify for 22 gold pieces
   151 | D:1      | 151 ||| SHOPLISTING scroll of teleportation (33 gold, have
                  | 26).
   306 | D:1      | Reached skill level 6 in Ranged Weapons
   306 | D:1      | Reached XP level 2. HP: 16/16 MP: 4/4
   366 | D:1      | 366 ||| UPGRADING to +0 ring mail.
   376 | D:1      | 376 ||| DROPPING +0 leather armour.
   377 | D:1      | 377 ||| UPGRADING to amulet of guardian spirit.
   382 | D:1      | 382 ||| UPGRADING to +4 ring of protection.
   383 | D:1      | 383 ||| READING scroll labelled VEOHIEG LYPN.
   386 | D:1      | 386 ||| READING scroll labelled USYTIM BUFOSO.
   387 | D:1      | 387 ||| DRINKING 2 bubbling dark potions.
   388 | D:1      | 388 ||| DROPPING scroll of butterflies.
   405 | D:2      | Identified the +5 leather armour of Greed {rElec rC+++
                  | Int-4}
   639 | D:2      | Reached XP level 3. HP: 20/20 MP: 5/5
   670 | D:2      | 670 ||| FLEEEEING.
   671 | D:2      | 671 ||| FLEEEEING.
   672 | D:2      | 672 ||| FLEEEEING.
   939 | D:2      | 939 ||| UPGRADING to +5 leather armour of Greed {rElec
                  | rC+++ Int-4}.
   949 | D:2      | 949 ||| DROPPING +0 ring mail.
   950 | D:2      | 950 ||| READING scroll labelled HUFEVYJ MEIGGO.
   951 | D:2      | 951 ||| READING scroll labelled WUSTOI RADU.
   952 | D:2      | 952 ||| READING scroll labelled DUKUERUNORE.
   953 | D:2      | 953 ||| READING 3 scrolls of identify.
   953 | D:2      | 953 ||| IDENTIFYING lumpy puce potion
   955 | D:2      | 955 ||| Stepping ~*~*~tactically~*~*~ (cloud).
   956 | D:2      | 956 ||| DRINKING potion of curing.
   956 | D:2      | 956 ||| (to cure poison)
   963 | D:2      | 963 ||| Stepping ~*~*~tactically~*~*~ (cloud).
   963 | D:2      | HP: 4/20 [poisoned by you (poison gas)]
   964 | D:2      | Succumbed to their own poison gas

Levels and vault maps discovered:
D:1:      psy_arrival_spokes, layout_rooms, dreamdust_ecumenical_altar_statues,
          serial_shops, shop, shop
D:2:      layout_basic

Skill      XL: |  1 |
---------------+----+-----
Ranged Weapons | 6 |  6.8
Fighting       | |  1.5
Dodging        | |  2.4
Stealth        | |  1.2

Action                     || total
---------------------------++-------
   Fire: Shortbow          ||    52
    Use: Scroll            ||     6
         Potion            ||     2
 Armour: Ring mail         ||     3
  Dodge: Dodged            ||     4

Table legend:
 A = Non-vault XP
 B = Vault XP
 C = Vault XP percentage of total XP
 D = Non-vault monster count
 E = Vault monster count
 F = Vault count percentage of total count
                 A         B        C        D         E       F
            +---------+---------+-------+---------+---------+-------
      Total |      51 |       0 |   0.0 |      24 |       0 |   0.0
            +---------+---------+-------+---------+---------+-------
        D:1 |      13 |       0 |   0.0 |       8 |       0 |   0.0
        D:2 |      38 |       0 |   0.0 |      16 |       0 |   0.0
            +---------+---------+-------+---------+---------+-------
